 Dungeon Crawl Stone Soup version 0.23.1-37-gaa34b87 (webtiles) character file.

Game seed: 2547624214791210649

41 arctice the Shield-Bearer (level 3, -3/26 HPs)
             Began as an Octopode Fighter on Mar 24, 2019.
             Splashed by a jelly's acid (9 damage)
             ... on level 2 of the Dungeon.
             The game lasted 00:02:39 (1187 turns).

arctice the Shield-Bearer (Octopode Fighter)        Turns: 1187, Time: 00:02:39

Health: -3/26      AC: -3    Str: 15    XL:     3   Next: 52%
Magic:  3/3        EV: 12    Int: 10    God:
Gold:   68         SH:  9    Dex: 12    Spells: 2/2 levels left

rFire    . . .     SeeInvis .   a - +0 rapier
rCold    . . .     Gourm    +   b - +0 shield
rNeg     . . .     Faith    .   (helmet restricted)
rPois    .         Spirit   .   m - amulet of the gourmand
rElec    .         Reflect  .   (no ring)
rCorr    .         Harm     .   (no ring)
MR       .....                  (no ring)
Stlth    ++........             (no ring)
HPRegen  0.08/turn              (no ring)
MPRegen  0.08/turn              (no ring)
                                (no ring)
                                (no ring)

@: corroded
A: almost no armour, stealthy swim, amphibious, 8 rings, constrict 8, camouflage
1, gelatinous body 1
a: no special abilities


You were on level 2 of the Dungeon.
You were not hungry.

You visited 1 branch of the dungeon, and saw 2 of its levels.

You collected 68 gold pieces.

Inventory:

Hand Weapons
 a - a +0 rapier (weapon)
Armour
 b - a +0 shield (worn)
Jewellery
 k - an uncursed ring of protection from fire {unknown}
 m - an amulet of the gourmand (around mantle)
Scrolls
 e - a scroll of identify {unknown}
 f - a scroll of immolation {unknown}
 h - a scroll of enchant armour {unknown}
 j - a scroll of teleportation {unknown}
 l - 2 scrolls of fog {unknown}
 n - a scroll of enchant weapon {unknown}
Potions
 c - 4 potions of might
 g - a potion of haste {unknown}
 i - a potion of brilliance {unknown}
Comestibles
 d - 5 rations


   Skills:
 + Level 3.3 Fighting
 + Level 2.2 Short Blades
 * Level 3.4 Dodging
 + Level 0.6 Stealth
 * Level 3.5 Shields


You had 2 spell levels left.
You didn't know any spells.
Your spell library was empty.

Dungeon Overview and Level Annotations

Branches:
Dungeon (2/15)

Altars:


Innate Abilities, Weirdness & Mutations

You cannot wear most types of armour.
You are very stealthy in the water. (Stealth+)
You are amphibious.
You can wear up to eight rings at the same time.
You can use your tentacles to constrict eight enemies at once.
Your skin changes colour to match your surroundings (Stealth+).
Your rubbery body absorbs attacks. (AC +1, EV +1)


Message History

The ooze quivers.
Found a goblin skeleton. 7 oozes and 2 jellies come into view.
Found four items.
There is an open door here.
The helpless jelly fails to defend itself.
You hit the jelly.
Your tentacles burn!
The jelly is moderately wounded.
The jelly hits you.
You are splashed with acid!
You are too injured to fight recklessly!
You are too injured to fight recklessly!
The ooze quivers.
There is an open door here.
Something hits the fungus.
You hit the jelly. The acid corrodes you!
Your tentacles burn!
The jelly is heavily wounded.
The jelly hits you.
* * * LOW HITPOINT WARNING * * *
You are splashed with acid!
You die...

#..÷......# #.#########
#.# # ##.######## ##
#.....[.... #.
#..######## ######## ##
#..# ##########..÷...# #
#..#####......##JPJP..P#
#
#..#(##.......#@#J.J.JJ#
#
#.†.÷'(†......#.#...P.P#
#
##.#).(.^.)....#)#÷÷÷J.J#
#. #
#.).#('......#'#.#..PPJ.#
#.# #
..#...##.....#.#.#.÷..J.#
#.# #
#†..#####....#.#.#...P..#
#.# #
...############(##...J.?#
#.# # #......###### ###
####.# # ..######.##.#
#### #..#.###


You could see 2 jellies.

Vanquished Creatures
  2 leopard geckos (D:1)
  5 bats
  2 giant cockroaches
  3 goblins (D:2)
  4 hobgoblins
  2 jackals (D:1)
  A ball python (D:2)
  4 frilled lizards (D:1)
  10 kobolds
  6 rats
39 creatures vanquished.

Vanquished Creatures (others)
  8 toadstools (D:2)
8 creatures vanquished.

Grand Total: 47 creatures vanquished

Notes
Turn   | Place    | Note
-------+----------+-------------------------------------------
     0 | D:1      | arctice the Octopode Fighter began the quest for the Orb.
     0 | D:1      | Reached XP level 1. HP: 16/16 MP: 1/1
   169 | D:1      | Reached XP level 2. HP: 16/21 MP: 2/2
   560 | D:1      | Reached XP level 3. HP: 24/26 MP: 3/3
  1187 | D:2      | Splashed by a jelly's acid

Action                   || total
-------------------------++-------
Melee: Rapier            ||    71
       Constrict         ||    20
       Tentacles         ||    14
 Stab: Sleeping          ||     6
  Eat: Chunk             ||     8
Armor: Skin              ||    10
Dodge: Dodged            ||    28
Block: Shield            ||    34
